 Dungeon Crawl Stone Soup version 0.24.0-123-gd5b16e6ec5 (webtiles) character file.

Game seed: 16500476971975138989, levelgen mode: deterministic

20694 Peloso the Carver (level 12, -1/159 HPs)
             Began as a Minotaur Fighter on Feb 13, 2020.
             Was the Champion of Okawaru.
             Headbutted by a minotaur (5 damage)
             ... in a Gauntlet.
             The game lasted 00:31:31 (11049 turns).

Peloso the Carver (Minotaur Fighter)               Turns: 11049, Time: 00:31:32

Health: -1/159     AC: 14    Str: 33    XL:     12   Next: 47%
Magic:  12/13      EV: 14    Int:  5    God:    Okawaru [******]
Gold:   556        SH: 16    Dex: 12    Spells: 11/11 levels left

rFire    + + .     SeeInvis +   a - +6 falchion "Fugruoda" {slice, *Rage rElec Str+4 SInv}
rCold    + . .     Gourm    .   c - +0 shield
rNeg     . . .     Faith    .   J - +3 plate armour {rC+}
rPois    .         Spirit   .   P - +0 hat of Parts Unknown {*Corrode +Inv rElec}
rElec    +         Reflect  .   q - scarf {rC+ rF+}
rCorr    .         Harm     .   (no gloves)
MR       +....     Rnd*Rage +   n - +0 pair of boots Stlth ..........NoTele +
                                i - amulet of regeneration
HPRegen  0.76/turn              v - ring of fire
MPRegen  0.13/turn              b - ring of protection from magic

@: berserking, heroism, corroded, hasted, very quick
A: retaliatory headbutt, horns 2
a: Heroism, Finesse, Renounce Religion, Evoke Invisibility


You were in a Gauntlet.
You worshipped Okawaru.
Okawaru was exalted by your worship.
You were not hungry.

You visited 1 branch of the dungeon, and saw 13 of its levels.
You also visited: Gauntlet.

You collected 627 gold pieces.
You spent 71 gold pieces at shops.

Inventory:

Hand Weapons
 a - the +6 falchion "Fugruoda" (weapon) {slice, *Rage rElec Str+4 SInv}
   (You found it on level 11 of the Dungeon)

   It inflicts extra damage upon your enemies.
   It affects your strength (+4).
   It insulates you from electricity.
   It lets you see invisible.
   It may make you go berserk in combat.
 R - the +1 eveningstar "Kakki" {holy, +Blink rC+ Str+2, unknown}
   (Okawaru gifted it to you in a Gauntlet)

   It has been blessed by the Shining One to cause great damage to the undead
   and demons.
   It affects your strength (+2).
   It protects you from cold.
   It lets you blink.
Armour
 c - a +0 shield (worn)
 g - a +0 plate armour
 n - a +0 pair of boots (worn)
 q - a scarf of resistance (worn)
 J - a +3 plate armour of cold resistance (worn)
 M - a +1 cloak of magic resistance
 P - the +0 hat of Parts Unknown (worn) {*Corrode +Inv rElec}
   (You found it in a Gauntlet)

   It insulates you from electricity.
   It lets you turn invisible.
   It may corrode you when you take damage.
Jewellery
 b - a ring of protection from magic (right hand)
 i - an amulet of regeneration (around neck)
 l - a +3 ring of evasion
 v - a ring of fire (left hand)
 H - an uncursed ring of fire
Wands
 k - a wand of polymorph (12)
 r - a wand of paralysis (4)
 w - a wand of digging (5)
 A - a wand of iceblast (16)
 B - a wand of flame (42)
 F - a wand of enslavement (4)
Scrolls
 d - a scroll of amnesia
 e - 6 scrolls of teleportation
 j - a scroll of enchant armour
 o - 5 scrolls of remove curse
 y - 2 scrolls of enchant weapon
 C - a scroll of identify
 E - a scroll of noise
 G - a scroll of random uselessness
 I - a scroll of magic mapping
Potions
 h - 2 potions of resistance
 m - a potion of brilliance {unknown}
 p - 4 potions of cancellation
 t - 9 potions of curing
 u - a potion of might
 x - 2 potions of flight
 D - a potion of ambrosia
 K - 2 potions of haste
 N - a potion of magic {unknown}
 Q - 2 potions of mutation {unknown}
Miscellaneous
 L - a phial of floods
 O - a lamp of fire
Comestibles
 f - 20 rations


   Skills:
 + Level 9.6(14.6) Fighting
 + Level 13.6(18.6) Long Blades
 + Level 11.2(16.2) Armour
 + Level 5.5(10.5) Dodging
 + Level 0.7(5.7) Stealth
 + Level 13.6(18.6) Shields
 + Level 3.0 Invocations


You had 11 spell levels left.
You didn't know any spells.
Your spell library contained the following spells:

 Spells                   Type           Power        Failure   Level  Hunger
 Poisonous Vapours        Pois/Air       #.....       98%         2    ###....
 Conjure Flame            Conj/Fire      #.......     100%        3    ####...
 Mephitic Cloud           Conj/Pois/Air  #.......     100%        3    ####...
 Freezing Cloud           Conj/Ice/Air   #.........   100%        6    #######
 Ring of Flames           Chrm/Fire      #.........   100%        7    #######


Dungeon Overview and Level Annotations

Branches:
Dungeon (14/15)            Temple (0/1) D:6            Lair (0/6) D:9
    Orc (0/2) D:9         Gauntlet (1/1)
 Vaults: D:13-14

Altars:
Ashenzari
Dithmenos
Elyvilon
Hepliaklqana
Makhleb
Nemelex Xobeh
Okawaru
Ru
Trog
Wu Jian
Zin
The Shining One

Shops:
D:14 *

Annotations:
D:9 exclusion: ice statue
D:10 2 transporters, execc's ghost, journeyman OpBe Gauntlet 10 transporters


Innate Abilities, Weirdness & Mutations

You reflexively headbutt those who attack you in melee.
You have a pair of horns on your head.


Message History

You feel yourself speed up.
The minotaur hits you with a +4 scythe of flaming!
* * * LOW HITPOINT WARNING * * *
The minotaur burns you.
* * * LOW HITPOINT WARNING * * *
You block the minotaur's attack.
Unknown command.
A red film seems to cover your vision as you go berserk!
You feel yourself moving faster!
You feel mighty!
You barely miss the minotaur.
The minotaur furiously retaliates!
The minotaur headbutts you, but does no damage.
The minotaur is moderately wounded.
The minotaur hits you with a +4 scythe of flaming!!
* * * LOW HITPOINT WARNING * * *
The minotaur burns you.
* * * LOW HITPOINT WARNING * * *
You block the minotaur's attack.
You closely miss the minotaur.
The minotaur furiously retaliates!
The minotaur headbutts you.
You die...

#8#
#≈...............≈#
#8# ###
#8.8.8.8.8.8.8.8.8#
###
#≈...............≈#
#########.#########
#.##### #.....#
#######.# #.....#.#
#.###@#.# #.# #H#.#
#.# #.#.# #.# #.#.#
#.# ..#.# #.#####.#
#.......# #########


You could see a minotaur.

Vanquished Creatures
  A centaur warrior (D:14)
  2 two-headed ogres (D:10)
  4 death yaks (Gauntlet)
  2 tengu warriors
  An unseen horror (D:10)
  Pikel (D:9)
  A necromancer (Gauntlet)
  A deep elf mage (D:14)
  3 ugly things (D:14)
  An elephant (D:9)
  A cyclops (D:14)
  A centaur zombie (D:11)
  2 centaur skeletons (D:14)
  A meliai (D:13)
  3 trolls
  A hornet (D:13)
  Grinder (D:3)
  Prince Ribbit (D:7)
  A hippogriff (D:9)
  A raiju (Gauntlet)
  A shadow (D:7)
  2 basilisks
  2 steam dragons (Gauntlet)
  Grum (D:9)
  A hungry ghost (D:10)
  3 swamp worms (Gauntlet)
  A water moccasin (D:5)
  Duvessa (D:5)
  4 orc warriors
  2 sky beasts
  4 black bears
  2 eyes of draining
  3 ice beasts
  4 wolves (D:9)
  A phantom (D:7)
  A necrophage (D:8)
  An ogre (D:6)
  A crocodile (D:9)
  13 centaurs
  9 bullfrogs
  Dowan (D:5)
  2 scorpions
  24 killer bees
  5 howler monkeys
  3 wights (D:13)
  4 crimson imps
  A quasit (D:8)
  6 jellies
  10 hounds
  4 orc wizards
  A gnoll shaman (D:7)
  6 orc priests
  3 bullfrog skeletons
  3 iguanas
  6 worker ants
  A hound zombie (D:11)
  A hound skeleton (D:10)
  A worker ant zombie (D:9)
  16 adders
  6 gnolls (D:7)
  A howler monkey skeleton (D:5)
  2 oozes
  An adder skeleton (D:8)
  An adder zombie (D:8)
  2 worms (D:3)
  11 leopard geckos
  44 orcs
  7 giant cockroaches
  6 goblins
  4 hobgoblins
  11 jackals
  8 quokkas
  5 ball pythons
  11 bats
  10 frilled lizards
  A jackal skeleton (D:4)
  8 kobolds
  A leopard gecko skeleton (D:5)
  A leopard gecko zombie (D:6)
  11 rats
337 creatures vanquished.

Vanquished Creatures (others)
  A death yak (Gauntlet)
  A slave (D:9)
  A scorpion (D:9)
  An adder zombie (D:9)
4 creatures vanquished.

Grand Total: 341 creatures vanquished

Notes
Turn   | Place    | Note
-------+----------+-------------------------------------------
     0 | D:1      | Peloso the Minotaur Fighter began the quest for the Orb.
     0 | D:1      | Reached XP level 1. HP: 19/19 MP: 0/0
   208 | D:1      | Reached XP level 2. HP: 19/27 MP: 1/1
   782 | D:2      | Reached XP level 3. HP: 33/33 MP: 2/2
   999 | D:2      | Reached skill level 1 in Dodging
   999 | D:2      | Reached XP level 4. HP: 30/40 MP: 3/3
  1343 | D:2      | Found a burning altar of Makhleb.
  1486 | D:3      | Noticed Grinder
  1490 | D:3      | Paralysed by Grinder for 7 turns
  1504 | D:3      | Killed Grinder
  1504 | D:3      | Reached skill level 5 in Armour
  1504 | D:3      | Reached skill level 5 in Shields
  1504 | D:3      | Reached XP level 5. HP: 42/47 MP: 4/4
  1504 | D:3      | Reached XP level 6. HP: 47/53 MP: 5/5
  1936 | D:3      | Found a hazy altar of Hepliaklqana.
  2196 | D:4      | Found a shadowy altar of Dithmenos.
  2243 | D:4      | Reached skill level 5 in Long Blades
  2417 | D:4      | Found an iron altar of Okawaru.
  2426 | D:4      | Reached XP level 7. HP: 57/60 MP: 6/6
  2462 | D:4      | Became a worshipper of Warmaster Okawaru
  2795 | D:5      | Entered Level 5 of the Dungeon
  2848 | D:5      | Noticed Duvessa
  2852 | D:5      | Noticed Dowan
  2868 | D:5      | Killed Duvessa
  2868 | D:5      | Reached skill level 5 in Fighting
  2872 | D:5      | Killed Dowan
  3004 | D:5      | Reached * piety under Okawaru
  3114 | D:5      | Reached XP level 8. HP: 57/68 MP: 7/7
  3724 | D:5      | Reached ** piety under Okawaru
  3833 | D:5      | Found a white marble altar of Elyvilon.
  3833 | D:5      | Found a glowing golden altar of the Shining One.
  3834 | D:5      | Found a glowing silver altar of Zin.
  4228 | D:6      | Found a staircase to the Ecumenical Temple.
  4708 | D:7      | Reached XP level 9. HP: 71/74 MP: 8/8
  4831 | D:7      | Found an ornate altar of the Wu Jian Council.
  4833 | D:7      | Found a sparkling altar of Nemelex Xobeh.
  4836 | D:7      | Found a sacrificial altar of Ru.
  4836 | D:7      | Found a bloodstained altar of Trog.
  4836 | D:7      | Noticed Prince Ribbit
  4892 | D:7      | Killed Prince Ribbit
  5305 | D:7      | Reached *** piety under Okawaru
  5354 | D:7      | You fall into a shaft and drop 2 floors!
  5424 | D:9      | Noticed an elephant
  5425 | D:9      | Found a staircase to the Lair.
  5447 | D:9      | Killed an elephant
  5447 | D:9      | Reached skill level 10 in Long Blades
  5463 | D:9      | Reached skill level 1 in Invocations
  5598 | D:9      | Reached **** piety under Okawaru
  5629 | D:9      | Noticed Grum
  5662 | D:9      | Killed Grum
  5662 | D:9      | Reached XP level 10. HP: 21/84 MP: 6/9
  5962 | D:9      | Noticed an ice statue
  6002 | D:9      | Found a staircase to the Orcish Mines.
  6036 | D:9      | Noticed Pikel
  6054 | D:9      | Killed Pikel
  8152 | D:10     | Entered Level 10 of the Dungeon
  8227 | D:10     | Found a transporter.
  8227 | D:10     | Noticed execc's ghost (journeyman OpBe)
  8247 | D:10     | Found a bloodstained altar of Trog.
  8308 | D:10     | Reached skill level 10 in Shields
  8363 | D:10     | Noticed a two-headed ogre
  8372 | D:10     | Killed a two-headed ogre
  8372 | D:10     | Reached ***** piety under Okawaru
  8380 | D:10     | Received a gift from Okawaru
  8414 | D:10     | Noticed a two-headed ogre
  8420 | D:10     | Killed a two-headed ogre
  8420 | D:10     | Reached XP level 11. HP: 94/94 MP: 8/11
  8578 | D:10     | Found a transporter.
  8747 | D:10     | Killed an unseen horror
  8747 | D:10     | Reached skill level 5 in Dodging
  9169 | D:10     | Reached skill level 10 in Armour
  9688 | D:11     | Got a fine falchion
  9689 | D:11     | Identified the +6 falchion "Fugruoda" {slice, *Rage rElec
                  | Str+4 SInv} (You found it on level 11 of the Dungeon)
  9720 | D:11     | Found a shattered altar of Ashenzari.
  9804 | D:11     | You fall into a shaft and drop 3 floors!
  9877 | D:14     | Noticed a deep elf mage
  9889 | D:14     | Killed a deep elf mage
  9926 | D:14     | Noticed a tengu warrior
  9937 | D:14     | Killed a tengu warrior
  9954 | D:14     | Found Daitahy's General Store.
  9959 | D:14     | Bought a scroll of magic mapping for 45 gold pieces
  9959 | D:14     | Bought a scroll of identify for 26 gold pieces
  9964 | D:14     | Noticed a centaur warrior
  9968 | D:14     | Noticed a white ugly thing
  9973 | D:14     | Killed a centaur warrior
  9973 | D:14     | Received a gift from Okawaru
  9980 | D:14     | Noticed a white ugly thing
  9981 | D:14     | Noticed a white ugly thing
  9982 | D:14     | Killed a white ugly thing
  9991 | D:14     | Killed a white ugly thing
  9995 | D:14     | Killed a white ugly thing
 10135 | D:13     | Noticed a tengu warrior
 10147 | D:13     | Found a gate leading to a gauntlet.
 10164 | D:13     | Killed a tengu warrior
 10164 | D:13     | Reached XP level 12. HP: 104/104 MP: 9/12
 10219 | D:13     | Paralysed by a hornet for 3 turns
 10257 | Gauntlet | Entered a Gauntlet
 10257 | Gauntlet | Found a transporter.
 10257 | Gauntlet | Found a transporter.
 10261 | Gauntlet | Found a transporter.
 10274 | Gauntlet | Found a transporter.
 10290 | Gauntlet | Found a transporter.
 10294 | Gauntlet | Noticed a death yak
 10294 | Gauntlet | Noticed a death yak
 10295 | Gauntlet | Noticed a death yak
 10295 | Gauntlet | Noticed a death yak
 10297 | Gauntlet | Noticed a death yak
 10304 | Gauntlet | Found a transporter.
 10314 | Gauntlet | Found a transporter.
 10318 | Gauntlet | Found a transporter.
 10323 | Gauntlet | Noticed a death scarab
 10324 | Gauntlet | Noticed a death scarab
 10348 | Gauntlet | Found a transporter.
 10356 | Gauntlet | Found a transporter.
 10375 | Gauntlet | Found a transporter.
 10384 | Gauntlet | Found a transporter.
 10430 | Gauntlet | Found a transporter.
 10455 | Gauntlet | Found a transporter.
 10572 | Gauntlet | Found a transporter.
 10590 | Gauntlet | Found a transporter.
 10928 | Gauntlet | Killed a death yak
 10938 | Gauntlet | Killed a death yak
 10938 | Gauntlet | Reached ****** piety under Okawaru
 10943 | Gauntlet | Killed a death yak
 10943 | Gauntlet | Received a gift from Okawaru
 10949 | Gauntlet | Killed a death yak
 10956 | Gauntlet | Killed a death yak
 10972 | Gauntlet | Got a warped hat
 10978 | Gauntlet | Identified the +0 hat of Parts Unknown {*Corrode +Inv
                  | rElec} (You found it in a Gauntlet)
 10988 | Gauntlet | Got a dazzling eveningstar {god gift}
 11035 | Gauntlet | Noticed a minotaur
 11044 | Gauntlet | HP: 4/106 [minotaur/+4 scythe of flaming (10)]
 11049 | Gauntlet | Headbutted by a minotaur

Levels and vault maps discovered:
D:1:      minmay_arrival_loop, layout_loops_ring
D:2:      minmay_chambers_of_ones, layout_rooms, lightli_temple_of_fire,
          minmay_misc_feat_alley
D:3:      layout_loops_cross, lemuel_coloured_pillars_altar, uniq_grinder
D:4:      layout_basic, marbit_many_paths, kennysheep_okawaru_gauntlet
D:5:      wad_river_or_something, layout_basic, good_gods_mini_temple,
          first_ration, minmay_fractal_squares_5, uniq_duvessa
D:6:      layout_gridville, minmay_temple_entry_junction_2
D:7:      layout_basic, grunt_temple_overflow_open, uniq_prince_ribbit1
D:8:      layout_basic
D:9:      lemuel_ice_statue, layout_basic, david_lair_generic, uniq_grum,
          uniq_pikel
D:10:     layout_gridville, gammafunk_ghost_mausoleum, basic_altar
D:11:     layout_cross, nicolae_ashenzari_panopticon
D:13:     layout_cave_pools, lightli_vaults_fourway_checkpoint,
          gauntlet_entry_generic, grunt_pizzeria
D:14:     layout_cave_pools, minmay_staircase_bubble, serial_shops,
          kennysheep_little_box, hangedman_decor_riveting
Gauntlet: gammafunk_gauntlet_branching [gammafunk_gauntlet_arena_corners,
          gammafunk_gauntlet_arena_split_x, nicolae_gauntlet_arena_grate_2,
          nicolae_gauntlet_arena_quarters, nicolae_gauntlet_arena_blocks,
          gammafunk_gauntlet_arena_open, gammafunk_gauntlet_arena_chambers,
          gammafunk_gauntlet_arena_spirals, gauntlet_exit_spiral]

Skill      XL: |  1  2  3  4  5  6  7  8  9 10 11 12 |
---------------+-------------------------------------+-----
Shields        | 4 5 6 8 9 10 12 13 | 13.6
Armour         | 4 5 6 7 8 9 10 11 | 11.2
Fighting       | 4 5 6 7 9 |  9.6
Dodging        | 1 2 3 4 5 |  5.5
Long Blades    | 4 5 6 8 10 12 13 | 13.6
Invocations    | 1 2 3 |  3.0
Stealth        | |  0.7

Action                   |  1- 3 |  4- 6 |  7- 9 | 10-12 || total
-------------------------+-------+-------+-------+-------++-------
Melee: Long sword        |   102 |   153 |   408 |   397 ||  1060
       Headbutt          |    10 |    22 |    76 |   148 ||   256
       Falchion          |       |       |       |   194 ||   194
Invok: Heroism           |       |       |     4 |    18 ||    22
  Use: Potion            |     3 |     1 |     1 |     4 ||     9
       Scroll            |       |       |     6 |    10 ||    16
  Eat: Chunk             |       |     5 |    11 |     8 ||    24
       Ration            |       |       |       |     3 ||     3
Armor: Scale mail        |    75 |    66 |   156 |    11 ||   308
       Plate armour      |       |       |       |   322 ||   322
Dodge: Dodged            |    43 |    47 |   146 |   247 ||   483
Block: Shield            |    60 |    97 |   229 |   463 ||   849
       Rpst.: Long sword |     8 |    11 |    41 |    32 ||    92
       Falchion          |       |       |       |     9 ||     9
